AoeStats
← Drovka

Arabia

507893736Analyzed
4v4 RM · 11d ago on Sep 20, 2026· 30m 6s· 8 players
Game mode
Random Map
Map size
Large (8 player)
Population
200
Speed
Normal
Resources
Standard
Victory
Conquest
Starting age
Dark Age
Ending age
Imperial Age
RankedLock teamsTeams togetherTeam positionsShared explorationLock speedFull tech treeHidden civsTurbo modeCheats
Victory
Defeat
🇨🇳 Celts · China
1293
+16
🇦🇷 Shu · Argentina
1269
+17
🇮🇳 Franks · India
1256
+18
🇺🇸 Ethiopians · United States
1256
+18
🇨🇴 Koreans · Colombia
1343
-18
🇲🇽 Chinese · Mexico
1326
-18
🇨🇴 Khitans · Colombia
1282
-17
🇨🇴 Burgundians · Colombia
1254
-16
sovietdurak
7:31 Loom
10:09 Feudal Age
12:29 Double-Bit Axe
15:22 Fletching
15:59 Padded Archer Armor
15:46 Horse Collar
17:54 Wheelbarrow
22:25 Castle Age
21:09 Gold Mining
22:32 Crossbowman
23:41 Bodkin Arrow
24:05 Bow Saw
25:40 Thumb Ring
26:58 Ballistics
28:35 Town Watch
28:54 Heavy Plow
maharaja2020
7:34 Loom
10:08 Feudal Age
11:28 Double-Bit Axe
23:18 Castle Age
21:38 Scale Barding Armor
22:26 Forging
24:29 Husbandry
24:49 Gold Mining
25:58 Iron Casting
26:40 Chain Barding Armor
Newell's
7:25 Loom
9:45 Feudal Age
10:54 Double-Bit Axe
13:19 Fletching
14:21 Padded Archer Armor
23:07 Castle Age
21:53 Horse Collar
22:28 Gold Mining
23:49 Bodkin Arrow
23:19 Crossbowman
24:26 Bow Saw
24:35 Thumb Ring
25:08 Ballistics
25:08 Leather Archer Armor
27:51 Wheelbarrow
野象
8:56 Loom
11:39 Feudal Age
12:14 Double-Bit Axe
17:03 Castle Age
17:46 Pikeman
22:40 Horse Collar
rakz
0:28 Loom
11:39 Feudal Age
13:48 Double-Bit Axe
18:58 Horse Collar
20:24 Fletching
23:52 Gold Mining
27:20 Castle Age
27:48 Crossbowman
28:00 Elite Skirmisher
Drovka
3:41 Loom
10:39 Feudal Age
13:26 Double-Bit Axe
13:26 Horse Collar
16:44 Scale Barding Armor
19:32 Forging
22:17 Wheelbarrow
25:50 Castle Age
25:14 Gold Mining
25:37 Bow Saw
26:32 Gold Shaft Mining
25:54 Stone Mining
26:06 Heavy Plow
25:54 Light Cavalry
25:58 Cavalier
27:17 Chain Barding Armor
johnmaestre1
6:34 Loom
9:45 Feudal Age
14:12 Fletching
28:04 Castle Age
27:23 Double-Bit Axe
28:17 Town Watch
MZTK | John_Wick
7:40 Loom
10:09 Feudal Age
13:01 Forging
15:13 Scale Barding Armor
16:24 Town Watch
19:24 Double-Bit Axe
22:30 Domestication
25:23 Castle Age
25:23 Wheelbarrow
25:26 Light Cavalry
26:07 Husbandry
26:59 Iron Casting
28:00 Chain Barding Armor
Connection lost

Rejoining the realm…

Still unreachable

The connection could not be restored.

Session expired

The server has moved on; the page needs a fresh start.